 Dungeon Crawl Stone Soup version 0.30-a0-883-g5ad918d77d (webtiles) character file.

Game seed: 13779958831954713452

6 retardedninja the Covered (level 1, 19/19 HPs)
             Began as an Armataur Fighter on Mar 16, 2023.
             Quit the game on level 1 of the Dungeon.
             The game lasted 00:00:18 (144 turns).

retardedninja the Covered (Armataur Fighter)         Turns: 144, Time: 00:00:19

Health: 19/19      AC:  7    Str: 21    XL:     1   Next: 75%
Magic:  1/1        EV:  7    Int:  8    God:
Gold:   20         SH:  4    Dex:  9    Spells: 0/0 levels left

rFire   . . .      SeeInvis .    a - +0 war axe
rCold   . . .      Faith    .    c - +0 buckler
rNeg    . . .      Spirit   .    b - +0 scale mail
rPois   .          Reflect  .    (no helmet)
rElec   .          Roll     +    (no cloak)
rCorr   .                        (no gloves)
Will    .....                    (no barding) Stlth
                                 (no amulet)
HPRegen 0.23/turn                (no ring)
MPRegen 0.07/turn                (no ring)

@: no status effects
A: large, rugged brown scales 3, deformed body, armoured tail, roll, long
tongue, awkward tongue
a: no special abilities


You were on level 1 of the Dungeon.
You visited 1 branch of the dungeon, and saw 1 of its levels.

You collected 20 gold pieces.

Inventory:

Hand Weapons
 a - a +0 war axe (weapon)
Armour
 b - a +0 scale mail (worn)
 c - a +0 buckler (worn)
Scrolls
 f - a scroll of enchant weapon {unknown}
Potions
 d - a potion of might
 e - a potion of curing {unknown}


   Skills:
 + Level 2.8 Fighting
 + Level 1.7 Axes
 + Level 3.7 Armour
 + Level 3.4 Shields


You couldn't memorise any spells.
You didn't know any spells.
Your spell library was empty.

Dungeon Overview and Level Annotations

Branches:
Dungeon (1/15)

Altars:


Innate Abilities, Weirdness & Mutations

You are completely covered in rugged brown scales. (AC +3, +7% HP)
Armour fits poorly on your strangely shaped body.
You have a long armoured tail.
You roll when moving toward enemies. (Rampage)
Your long tongue fully drains potion bottles. (2x potion effects)
Your tongue gives you trouble enunciating. (1.5x scroll delay)


Message History

You tail-slap the dart slug, but do no damage.
The dart slug is lightly wounded.
The dart slug misses you.
A dart slug is nearby!
You barely miss the dart slug.
The dart slug is lightly wounded.
The dart slug bites you.
A dart slug is nearby!
You slash the dart slug!
The dart slug is almost dead.
The dart slug launches a dart at you. The slug dart hits you.
A dart slug is nearby!
You slash the dart slug!
You kill the dart slug!
A goblin comes into view. It is wielding a +0 dagger.
You see here 15 gold pieces.
You roll towards the goblin!
A goblin is nearby!
You roll towards the goblin!
The goblin hits you but does no damage.
A goblin is nearby!
A goblin is nearby!
You slash the goblin!
You kill the goblin!
Things that are here:
a +0 dagger; a goblin corpse You now have 5 gold pieces.
f - a scroll labelled PIUL LIOLAICS No target in view!
You now have 20 gold pieces (gained 15).
Key pressed, stopping explore.
No target in view!
Key pressed, stopping explore.
No target in view!
You see here 4 stones.
Found a stone staircase leading down.
There is a stone staircase leading down here.
Key pressed, stopping explore.
No target in view!
Are you sure you want to abandon this character and quit the game? (Confirm with "yes".)

..~~~~...~~~~. ##..
~~~~~..<..~~~~ ....
..~~~~...~~~~. #..#
....~~~~~~~...
#..##...~..~~~..~..
#..#8..~....~....~.
#..#.....#..~..#...
######......####...####.
.......@..#######.######
#######.............(...
##>.############## #.##
#.# #+#


There were no monsters in sight!

Vanquished Creatures
  A dart slug (D:1)
  A bat (D:1)
  A hobgoblin (D:1)
  A goblin (D:1)
4 creatures vanquished.

Notes
Turn   | Place    | Note
-------+----------+-------------------------------------------
     0 | D:1      | retardedninja the Armataur Fighter began the quest for the
                  | Orb.
     0 | D:1      | Reached XP level 1. HP: 19/19 MP: 1/1
   144 | D:1      | Quit the game

Illustrated notes

Levels and vault maps discovered:
D:1:      eino_arrival_water_star, layout_basic, fountainhead

Action                     || total
---------------------------++-------
  Melee: War axe           ||    26
         Tailslap          ||     1
 Armour: Scale mail        ||    18
  Dodge: Dodged            ||     7
  Block: Buckler           ||     2

Table legend: (Time is in decaauts)
 A = Elapsed time spent in this place.
 B = Non-inter-level travel time spent in this place.
 C = Inter-level travel time spent in this place.
 D = Time resting spent in this place.
 E = Time spent auto-exploring this place.
 F = Levels seen in this place.
 G = Mean time per level.
                   A        B        C        D        E       F      G
               +--------+--------+--------+--------+--------+-----+--------+
         Total |    155 |    155 |      0 |      0 |    102 |   1 |  155.0 |
       Dungeon |    155 |    155 |      0 |      0 |    102 |   1 |  155.0 |
               +--------+--------+--------+--------+--------+-----+--------+

Top non-repeatable levels by time:
     D:1: 155 daAuts
